 Dungeon Crawl Stone Soup version 0.19.1-1-g22dce08 (webtiles) character file.

84 theAP the Cudgeler (level 4, 0/29 HPs)
             Began as a Gargoyle Berserker on Jan 1, 2017.
             Was a Believer of Trog.
             Slain by a bat (1 damage)
             ... on level 2 of the Dungeon.
             The game lasted 00:05:44 (1340 turns).

theAP the Cudgeler (Gargoyle Berserker)             Turns: 1340, Time: 00:05:44

Health: 0/29       AC: 10    Str: 18 (20) XL:     4   Next: 45%
Magic:  4/4        EV: 11    Int:  7 (8)  God:    Trog [**....]
Gold:   48         SH:  0    Dex:  9 (10) Spells: 0 memorised, 3 levels left

rFire  + . .     SeeInvis .     a - +0 mace
rCold  x . .     Gourm    .     g - +0 ring mail
rNeg   + . .     Faith    .     (no shield)
rPois  ∞         Spirit   .     (no helmet)
rElec  +         Reflect  .     (no cloak)
rCorr  .         Harm     .     l - +0 pair of gloves
MR     .....                    (no boots)
Stlth  ..........               (no amulet)
                                (no ring)
                                d - ring of fire

@: no status effects
A: negative energy resistance 1, electricity resistance, unbreathing,
petrification resistance, rot immunity, AC +3
a: Berserk, Trog's Hand, Burn Spellbooks, Renounce Religion


You were on level 2 of the Dungeon.
You worshipped Trog.
Trog was pleased with you.
You were not hungry.

You visited 1 branch of the dungeon, and saw 2 of its levels.

You collected 48 gold pieces.

Inventory:

Hand Weapons
 a - a +0 mace (weapon)
Armour
 g - a +0 ring mail (worn)
 l - a +0 pair of gloves (worn)
Jewellery
 d - a ring of fire (left hand)
Scrolls
 f - 3 scrolls of identify {unknown}
 i - 3 scrolls of amnesia {unknown}
Potions
 h - a potion of mutation {unknown}
 k - a potion of degeneration
Comestibles
 c - a bread ration
 j - 2 meat rations


   Skills:
 + Level 4.1 Fighting
 + Level 4.2 Maces & Flails
 + Level 2.4 Armour
 - Level 1.8 Dodging


You had 3 spell levels left.
You didn't know any spells.

Dungeon Overview and Level Annotations

Branches:
Dungeon (2/15)

Altars:

Annotations:
D:2 Sigmund


Innate Abilities, Weirdness & Mutations

You are resistant to torment.
Your stone body is resilient. (AC +3)
You are immune to poison.
You resist negative energy. (rN+)
You are resistant to electric shocks. (rElec)
You can survive without breathing.
You are immune to petrification.
You are immune to rotting.


Message History

The bat barely misses you. Something hits you but does no damage.
You closely miss the gnoll.
The gnoll is heavily wounded.
The bat hits you but does no damage. x2; The gnoll hits you with a flail.
* * * LOW HITPOINT WARNING * * *
You barely miss the gnoll.
The gnoll is heavily wounded.
The bat closely misses you. Something hits you but does no damage.
The gnoll closely misses you. The bat hits you but does no damage.
Something hits you but does no damage. The bat closely misses you.
The gnoll closely misses you.
You miss the bat. The bat hits you but does no damage.
The gnoll barely misses you. Something hits you.
* * * LOW HITPOINT WARNING * * *
It was a potion of degeneration.
There was something very wrong with that liquid.
You feel weakened.
You feel dopey.
You feel clumsy. The bat barely misses you. The gnoll closely misses you.
It was a potion of cancellation.
You feel magically purged. The bat hits you.
You die...

.###..########## ## .#
##.## .# #..# .# ##.# ##
#(# #.########## ########
#.##.......# ##...#..###
#.##.......####.........#
#.##......b@##..........#
#..###..###.g#..........#
##.# #.## ##.{g.........#
#.# #.# ####.....)...#
#<###.# ##........#
#...#.# #.##.###....
###.#.# #...... .....
#.#.# ###.###. .... #.#.#
... . ...


You could see 2 gnolls and a bat.

Vanquished Creatures
  Natasha (D:2)
  2 gnolls (D:2)
  A worm (D:2)
  2 leopard geckos (D:1)
  3 goblins (D:1)
  9 hobgoblins
  A ball python (D:1)
  6 bats
  4 frilled lizards
  3 kobolds
  4 rats
36 creatures vanquished.

Notes
Turn   | Place    | Note
-------+----------+-------------------------------------------
     0 | D:1      | theAP the Gargoyle Berserker began the quest for the Orb.
     0 | D:1      | Reached XP level 1. HP: 14/14 MP: 1/1
   290 | D:1      | Reached XP level 2. HP: 5/19 MP: 2/2
   896 | D:2      | Reached XP level 3. HP: 21/24 MP: 3/3
   959 | D:2      | Reached ** piety under Trog
  1163 | D:2      | Noticed Natasha
  1193 | D:2      | Killed Natasha
  1193 | D:2      | Reached XP level 4. HP: 25/29 MP: 4/4
  1315 | D:2      | Noticed Sigmund
  1338 | D:2      | HP: 1/29 [something (4)]
  1340 | D:2      | Slain by a bat

Skill      XL: |  1  2  3 |
---------------+----------+-----
Fighting       | 4 |  4.1
Maces & Flails | 4 |  4.2
Armour         | |  2.4
Dodging        | |  1.8

Action                   |  1- 3 |  4- 6 || total
-------------------------+-------+-------++-------
Melee: Mace              |    84 |    26 ||   110
Invok: Berserk           |     2 |       ||     2
  Use: Potion            |       |     2 ||     2
  Eat: Chunk             |     2 |     1 ||     3
Armor: Animal skin       |    38 |       ||    38
       Ring mail         |       |    31 ||    31
Dodge: Dodged            |    54 |    36 ||    90
